 Dungeon Crawl Stone Soup version 0.22-a0-565-gfc6459a (webtiles) character file.

64715 Firecrotchwizard the Severer (level 15, -1/143 HPs)
             Began as a Hill Orc Fighter on June 28, 2018.
             Was the Champion of Qazlal.
             Succumbed to Nessos's poison
             ... on level 13 of the Dungeon.
             The game lasted 00:47:03 (26458 turns).

Firecrotchwizard the Severer (Hill Orc Fighter)    Turns: 26458, Time: 00:47:04

Health: -1/143     AC: 24    Str: 33    XL:     15   Next: 14%
Magic:  24/25      EV:  8    Int:  8    God:    Qazlal [******]
Gold:   1742       SH: 25    Dex: 10    Spells: 14/14 levels left

rFire    + . .     SeeInvis .   I - +6 broad axe (flame)
rCold    . . .     Gourm    .   c - +0 shield
rNeg     . . .     Faith    .   L - +0 plate armour
rPois    .         Spirit   .   U - +2 helmet
rElec    .         Reflect  +   o - +0 cloak
rCorr    .         Harm     .   i - +2 pair of gloves
MR       +....                  h - +2 pair of boots
Stlth    ..........             X - +2 amulet of reflection
HPRegen  0.33/turn              M - ring "Angirchu" {Str+7 Stlth-}
MPRegen  0.19/turn              B - +3 ring of slaying

@: lethally poisoned (-1 -> -8), protected from fire, repel missiles
A: no striking features
a: Upheaval, Elemental Force, Disaster Area, Renounce Religion


You were on level 13 of the Dungeon.
You worshipped Qazlal.
Qazlal was exalted by your worship.
You were hungry.

You visited 3 branches of the dungeon, and saw 21 of its levels.
You also visited: Ossuary and Ice Cave.

You collected 1742 gold pieces.

Inventory:

Hand Weapons
 r - the +9 demon whip of Azecue {pain, +Inv Dex+2}
   (You found it in an ice cave)

   In the hands of one skilled in necromantic magic, it inflicts extra damage on
   living creatures.
   It affects your dexterity (+2).
   It lets you turn invisible.
 I - a +6 broad axe of flaming (weapon)
   (You acquired it on level 1 of the Lair of Beasts)
Missiles
 a - 3 throwing nets {=f, !d}
 S - 4 curare-tipped needles
Armour
 c - a +0 shield (worn)
 h - a +2 pair of boots (worn)
   (You found it on level 1 of the Dungeon)
 i - a +2 pair of gloves (worn)
   (You found it on level 7 of the Dungeon)
 o - a +0 cloak (worn)
   (You took it off Maurice on level 8 of the Dungeon)
 L - a +0 plate armour (worn)
   (You took it off an orc warrior on level 9 of the Dungeon)
 Q - a +2 large shield
   (You found it on level 12 of the Dungeon)
 U - a +2 helmet (worn)
   (You found it on level 4 of the Lair of Beasts)
Jewellery
 t - an uncursed ring of protection from cold {rC+, !d}
   (You found it on level 1 of the Dungeon)
 B - a +3 ring of slaying (right hand)
   (You found it on level 7 of the Dungeon)
 M - the ring "Angirchu" (left hand) {Str+7 Stlth-}
   (You found it on level 2 of the Lair of Beasts)

   [ring of loudness]

   It affects your strength (+7).
   It makes you less stealthy.
 X - a +2 amulet of reflection (around neck)
   (You found it on level 13 of the Dungeon)
Wands
 j - a wand of disintegration (11) {@e1}
   (You found it on level 5 of the Lair of Beasts)
 C - a wand of enslavement (17)
   (You found it on level 10 of the Dungeon)
 D - a wand of digging (19)
   (You took it off Ijyb on level 5 of the Dungeon)
 G - a wand of iceblast (4)
   (You took it off an orc on level 9 of the Dungeon)
 K - a wand of flame (20)
   (You found it on level 10 of the Dungeon)
 N - a wand of scattershot (4)
   (You found it on level 3 of the Lair of Beasts)
 P - a wand of paralysis (13)
   (You found it on level 10 of the Dungeon)
 T - a wand of acid (9)
   (You found it on level 12 of the Dungeon)
Scrolls
 b - 4 scrolls of immolation {!r}
 e - 9 scrolls of teleportation
 g - 11 scrolls of identify
 k - 4 scrolls of magic mapping {!r}
 v - 5 scrolls of brand weapon
 y - 7 scrolls of remove curse
 E - 2 scrolls of fear
 F - 2 scrolls of amnesia
 J - a scroll of blinking {!r}
 O - 2 scrolls of fog
 V - a scroll of holy word {!r}
Potions
 d - 3 potions of might
 l - 5 potions of agility
 m - 2 potions of brilliance
 n - 5 potions of flight
 p - 11 potions of curing
 q - a potion of magic
 s - 2 potions of invisibility
 u - 3 potions of ambrosia
 w - 2 potions of haste
 x - 2 potions of mutation {!q}
 z - 4 potions of lignification {!q}
 A - 4 potions of heal wounds
 H - 2 potions of resistance
Miscellaneous
 W - a sack of spiders
Comestibles
 f - 48 rations {@e1}


   Skills:
 + Level 15.6 Fighting
 + Level 16.6 Axes
 + Level 7.5 Armour
 - Level 15.0 Shields
 + Level 13.3 Invocations


You had 14 spell levels left.
You didn't know any spells.
Your spell library contained the following spells:

 Spells                   Type           Power        Failure   Level  Hunger
 Magic Dart               Conj           #...         97%         1    ##.....
 Apportation              Tloc           #.....       97%         1    ##.....
 Conjure Flame            Conj/Fire      #.......     100%        3    ####...
 Slow                     Hex            #.......     99%         2    ###....
 Confuse                  Hex            #.......     100%        3    ####...
 Mephitic Cloud           Conj/Pois/Air  #.......     100%        3    ####...
 Summon Small Mammal      Summ           #...         97%         1    ##.....
 Bolt of Draining         Conj/Necr      #.........   100%        5    ######.
 Blink                    Tloc           N/A          99%         2    ###....
 Animate Skeleton         Necr           N/A          97%         1    ##.....
 Call Imp                 Summ           #.......     99%         2    ###....
 Dispel Undead            Necr           #.......     100%        5    ######.
 Regeneration             Chrm/Necr      #.........   100%        3    ####...
 Sublimation of Blood     Necr           #.........   99%         2    ###....
 Corpse Rot               Necr           N/A          99%         2    ###....
 Agony                    Necr           #.......     100%        5    ######.
 Spider Form              Tmut/Pois      #.........   100%        3    ####...
 Blade Hands              Tmut           #.........   100%        5    ######.
 Ice Form                 Ice/Tmut       #.......     100%        4    #####..
 Confusing Touch          Hex            #.....       97%         1    ##.....
 Sticks to Snakes         Tmut           #.......     99%         2    ###....
 Metabolic Englaciation   Hex/Ice        #.........   100%        5    ######.
 Excruciating Wounds      Chrm/Necr      #.........   100%        5    ######.
 Petrify                  Tmut/Erth      #.......     100%        4    #####..
 Shroud of Golubria       Chrm/Tloc      #.........   99%         2    ###....
 Beastly Appendage        Tmut           #.....       97%         1    ##.....
 Infusion                 Chrm           #...         97%         1    ##.....
 Song of Slaying          Chrm           #.......     99%         2    ###....
 Spectral Weapon          Hex/Chrm       #.......     100%        3    ####...
 Gell's Gravitas          Tloc           #.........   100%        3    ####...
 Yara's Violent Unravell  Hex/Tmut       #.........   100%        5    ######.


Dungeon Overview and Level Annotations

Branches:
Dungeon (14/15)            Temple (1/1) D:5            Lair (6/6) D:9
 Shoals (0/4) Lair:4        Snake (0/4) Lair:4        Slime (0/5) Lair:6
    Orc (0/2) D:9          Vaults (0/5) D:14

Altars:
Ashenzari
Cheibriados
Dithmenos
Elyvilon
Fedhas
Gozag
Hepliaklqana
Kikubaaqudgha
Makhleb
Nemelex Xobeh
Okawaru
Qazlal
Ru
Sif Muna
Trog
Uskayaw
Vehumet
Wu Jian
Xom
Yredelemnul
Zin
The Shining One
Beogh

Shops:
D:8 }   D:12 %

Portals:
Trove: D:10 (give 21 scrolls of identify)

Annotations:
D:4 Pikel
D:6 1 runed door
D:8 3 runed doors, fooot's ghost, novice SpEE
D:13 Rupert
D:14 Nessos
Lair:2 exclusion: 3 oklob plants
Lair:4 3 runed doors, Yppef's ghost, journeyman GnEn


Message History

Nessos seems to speed up.
The human hits you but does no damage. x5
Rupert roars madly and goes into a rage!
Rupert goes berserk!
You hear a horrible gurgling sound! x2; You hear a shout!
Something hits you.
You feel more protected from physical attacks.
A white ugly thing comes into view.
Rupert hits you with a battleaxe of flaming!!
Rupert burns you! The human hits you but does no damage.
The human is engulfed in blazing flames.
The human hits you but does no damage. x2; The human hits you.
The human is struck by lightning.
The human hits you but does no damage.
You hear a horrible gurgling sound!
You hear a shout.
You hear a horrible gurgling sound!
Nessos blinks!
The howler monkey hoots and howls with incredible vigour!
A centaur warrior skeleton comes into view.
Rupert hits you with a battleaxe of flaming!
You feel more protected from physical attacks.
Rupert burns you.
The human is engulfed in blazing flames.
The human hits you but does no damage. x2; The human is struck by lightning.
You kill the human!
Qazlal accepts your kill.
A white ugly thing comes into view.
The orc knight hits you with an enchanted great mace!!
The centaur warrior shoots an arrow.
The arrow is repelled.
The arrow barely misses the human.
The arrow completely misses the human.
The human hits you but does no damage.
You hear a horrible gurgling sound! x2; You hear a shout!
You feel less confused.
You hear a shout! x3
Nessos blinks!
Rupert hits you with a battleaxe of flaming!
Rupert burns you.
The human is engulfed in blazing flames.
The human completely misses you.
A white ugly thing comes into view.
The centaur warrior is struck by lightning.
A white ugly thing comes into view.
The human hits you.
The human hits you but does no damage. x2
The human is engulfed in blazing flames.
The human hits you.
The human is engulfed in freezing vapours.
The human hits you but does no damage.
You hear a shout!
Nessos blinks!
Rupert hits you but does no damage.
The centaur warrior is struck by lightning.
The orc knight hits you but does no damage.
The human hits you but does no damage. x2; The human hits you.
* * * LOW HITPOINT WARNING * * *
You feel more protected from physical attacks.
The human is engulfed in blazing flames.
The human hits you but does no damage.
A white ugly thing comes into view. x2
The human is engulfed in freezing vapours.
The human hits you but does no damage.
The human is engulfed in blazing flames.
You kill the human!
Qazlal accepts your kill.
You hear a shout!
You can move again.
You take 100 damage, and have 41/141 hp.
MASSIVE DAMAGE!!
You hear a horrible gurgling sound!
The centaur warrior shoots an arrow.
You reflect the arrow off an invisible shield around you!
The arrow hits the centaur warrior!
You block Rupert's attack.
Nessos blinks!
The howler monkey is engulfed in blazing flames.
You block the human's attack.
The orc knight hits you with an enchanted great mace!
* * * LOW HITPOINT WARNING * * *
You feel more protected from physical attacks.
The human hits you.
* * * LOW HITPOINT WARNING * * *
You feel more protected from physical attacks.
The centaur warrior shoots an arrow.
You reflect the arrow off an invisible shield around you!
The arrow hits the centaur warrior!
The centaur warrior dies!
The human is engulfed in blazing flames.
The human hits you but does no damage. The human closely misses you.
Nessos wields an uncursed longbow of flaming.
It bursts into flame!
Nessos shoots an arrow.
The arrow hits you!
* * * LOW HITPOINT WARNING * * *
The arrow burns you.
You are poisoned.
* * * LOW HITPOINT WARNING * * *
The human is engulfed in freezing vapours.
You kill the human!
Qazlal accepts your kill.
Rupert hits you with a battleaxe of flaming!!
* * * LOW HITPOINT WARNING * * *
You feel more protected from physical attacks.
Your resistance to physical damage fades away.
You feel protected from fire. Rupert burns you.
* * * LOW HITPOINT WARNING * * *
You climb upwards.
You die...

..# #.# #.########## #.#
..#############[#........###.#
.............................#
................#.######.#####
................#.# #.# #
..#############.#.######.### #
..# #.# #............###### #.#
#.# #p#.######...#...## #.# #.#
#p@p.....#...#.#.## #.# #.#
#po@.....#...#.#... ..# #.#
#.#.###..##..#.#.#. #.# #.# #.#.#
#......#.#.#. #.######.######.#.#
#.##...#.#.#. #(>.............#.#
#.##...#.#.#.
#.#..#..#.........###.##...#.#.#.
..#..#...#....#.#............#.#.
..#...#..#........####.##.##.#.#.


You could see Rupert (berserk), an orc knight and 4 humans.

Vanquished Creatures
  A reaper (IceCv)
  3 hydras
  2 catoblepae (Lair:6)
  4 two-headed ogres
  Urug (D:11)
  4 death yaks
  Nergalle (Lair:2)
  12 spriggans (Lair:3)
  5 skeletal warriors (D:12)
  2 unseen horrors (D:12)
  2 lindwurms
  3 manticores
  2 ugly things
  4 cyclopes
  2 elephants (Lair:6)
  6 black mambas
  A merfolk siren (Lair:4)
  Maurice (D:8)
  2 gargoyles
  6 spiny frogs
  5 torpor snails
  2 centaur skeletons (D:11)
  2 ice statues (IceCv)
  8 ice devils (IceCv)
  5 rime drakes
  A kobold demonologist (D:13)
  14 komodo dragons
  3 trolls
  2 polar bears
  A blink frog (Lair:6)
  A merfolk (Lair:4)
  5 hornets
  3 dream sheep (Lair:6)
  11 hippogriffs
  Sigmund (D:6)
  2 shadows
  2 wyverns
  Eustachio (D:6)
  25 yaks
  10 humans (D:14)
  2 basilisks
  3 hungry ghosts
  3 vampire mosquitoes (Lair:1)
  2 wargs (D:9)
  Edmund (D:5)
  2 insubstantial wisps (Lair:1)
  Duvessa (D:5)
  3 acid dragons (D:11)
  15 water moccasins
  A soldier ant (D:10)
  10 porcupines
  2 sky beasts
  10 orc warriors
  A hornet zombie (D:10)
  A black bear (D:8)
  A necrophage (D:9)
  3 phantoms
  4 ogres
  34 wolves
  9 centaurs
  3 boggarts (Lair:3)
  7 crocodiles
  4 big kobolds
  2 elf zombies (Ossuary)
  A wyvern zombie (D:9)
  19 bullfrogs
  Dowan (D:5)
  9 scorpions
  24 killer bees
  3 wights (D:6)
  7 howler monkeys
  4 electric eels
  6 crimson imps
  3 centaur zombies
  A quasit (D:11)
  5 bullfrog skeletons
  5 hounds
  3 jellies
  13 orc priests
  5 iguanas
  Ijyb (D:5)
  11 orc wizards
  7 worker ants
  A big kobold zombie (Ossuary)
  A hound zombie (Ossuary)
  A hound skeleton (D:9)
  4 mummies (Ossuary)
  14 gnolls
  10 adders
  A howler monkey skeleton (D:7)
  A shadow imp (D:6)
  6 white imps (IceCv)
  5 ufetubi (IceCv)
  2 oozes
  2 adder zombies
  5 worms
  3 dart slugs (D:1)
  7 leopard geckos
  57 orcs
  2 ball pythons
  5 giant cockroaches
  A gnoll zombie (Ossuary)
  7 goblins
  4 hobgoblins
  19 jackals
  15 kobolds
  3 quokkas
  5 bats
  2 frilled lizards (D:2)
  A goblin zombie (D:5)
  3 hobgoblin zombies (Ossuary)
  A jackal skeleton (D:7)
  A kobold zombie (Ossuary)
  A leopard gecko skeleton (D:4)
  A quokka skeleton (D:5)
  10 rats
  3 rat zombies
  11 fungi
  A plant (Lair:4)
636 creatures vanquished.

Vanquished Creatures (others)
  A centaur warrior (D:14)
  A vampire mosquito (Lair:1)
  A swamp drake (Lair:1)
  A centaur (D:13)
  6 white imps (IceCv)
  4 ufetubi (IceCv)
  13 fungi
  7 plants
34 creatures vanquished.

Grand Total: 670 creatures vanquished

Notes
Turn   | Place    | Note
-------+----------+-------------------------------------------
     0 | D:1      | Firecrotchwizard the Hill Orc Fighter began the quest for the Orb.
     0 | D:1      | Reached XP level 1. HP: 19/19 MP: 1/1
    67 | D:1      | Reached skill level 3 in Axes
    82 | D:1      | Reached XP level 2. HP: 18/27 MP: 2/2
   768 | D:1      | Reached skill level 4 in Fighting
   862 | D:1      | Reached XP level 3. HP: 32/33 MP: 3/3
  1107 | D:2      | Reached skill level 4 in Axes
  1114 | D:2      | Reached XP level 4. HP: 15/40 MP: 4/4
  1116 | D:2      | HP: 7/40 [gnoll/spear (8)]
  1514 | D:2      | Reached skill level 4 in Shields
  1606 | D:2      | Reached skill level 5 in Axes
  1606 | D:2      | Reached XP level 5. HP: 23/47 MP: 5/5
  3132 | D:4      | Reached skill level 5 in Fighting
  3132 | D:4      | Reached skill level 6 in Axes
  3132 | D:4      | Reached XP level 6. HP: 55/56 MP: 6/6
  3316 | D:4      | Noticed a slave
  3316 | D:4      | Noticed a slave
  3319 | D:4      | Noticed Pikel
  3652 | D:4      | Found a hazy altar of Hepliaklqana.
  3848 | D:4      | Noticed a slave
  3866 | D:5      | Entered Level 5 of the Dungeon
  3884 | D:5      | Found a sand-covered staircase.
  3894 | Ossuary  | Entered an ossuary
  3907 | Ossuary  | Reached skill level 5 in Shields
  3908 | Ossuary  | Reached skill level 7 in Axes
  3908 | Ossuary  | Reached XP level 7. HP: 43/61 MP: 7/7
  4386 | D:5      | Reached skill level 6 in Fighting
  4386 | D:5      | Reached skill level 8 in Axes
  4842 | D:5      | Found a staircase to the Ecumenical Temple.
  4848 | Temple   | Entered the Ecumenical Temple
  5043 | Temple   | Became a worshipper of Qazlal Stormbringer
  5084 | D:5      | Found a burning altar of Makhleb.
  5084 | D:5      | Found an opulent altar of Gozag.
  5085 | D:5      | Found a snail-covered altar of Cheibriados.
  5141 | D:5      | Found a sacrificial altar of Ru.
  5142 | D:5      | Found a shadowy altar of Dithmenos.
  5328 | D:5      | Noticed Duvessa
  5329 | D:5      | Noticed Dowan
  5343 | D:5      | Killed Duvessa
  5343 | D:5      | Reached XP level 8. HP: 52/71 MP: 8/8
  5343 | D:5      | Killed Dowan
  5343 | D:5      | Reached skill level 6 in Shields
  5449 | D:5      | Noticed Edmund
  5461 | D:5      | Killed Edmund
  5461 | D:5      | Reached skill level 9 in Axes
  5745 | D:5      | Noticed Ijyb
  5764 | D:5      | Killed Ijyb
  5895 | D:6      | Reached skill level 7 in Fighting
  6007 | D:6      | Reached skill level 10 in Axes
  6099 | D:6      | Reached skill level 7 in Shields
  6099 | D:6      | Reached XP level 9. HP: 55/80 MP: 9/9
  6220 | D:6      | Noticed Eustachio
  6245 | D:6      | Killed Eustachio
  6370 | D:6      | Reached skill level 11 in Axes
  6413 | D:6      | Reached skill level 8 in Fighting
  6828 | D:6      | Noticed Sigmund
  6837 | D:6      | Reached * piety under Qazlal
  6889 | D:6      | Killed Sigmund
  7174 | D:6      | Found a runed door.
  7703 | D:7      | Reached skill level 12 in Axes
  7773 | D:7      | Reached skill level 8 in Shields
  8118 | D:7      | Reached skill level 9 in Fighting
  8449 | D:7      | Reached XP level 10. HP: 82/91 MP: 10/10
  8907 | D:8      | Reached ** piety under Qazlal
  8907 | D:8      | Reached skill level 13 in Axes
  9290 | D:8      | Found Cuduarom's Gadget Shop.
  9319 | D:8      | Found a radiant altar of Vehumet.
  9411 | D:8      | Found a blossoming altar of Fedhas.
  9823 | D:8      | Found a runed gate.
  9827 | D:8      | Found a runed gate.
  9827 | D:8      | Found a runed gate.
  9839 | D:8      | Noticed Maurice
  9844 | D:8      | Noticed fooot's ghost (novice SpEE)
  9857 | D:8      | Killed Maurice
  9857 | D:8      | Reached skill level 9 in Shields
 10255 | D:8      | Found a white marble altar of Elyvilon.
 10503 | D:8      | Found a roughly hewn altar of Beogh.
 10538 | D:9      | Found an iron altar of Okawaru.
 10751 | D:9      | Reached skill level 10 in Fighting
 10760 | D:9      | Reached skill level 14 in Axes
 11012 | D:9      | Found a staircase to the Orcish Mines.
 11213 | D:9      | Found a staircase to the Lair.
 11220 | D:9      | Reached XP level 11. HP: 53/101 MP: 11/11
 11457 | D:9      | Reached *** piety under Qazlal
 11921 | Lair:1   | Entered Level 1 of the Lair of Beasts
 12047 | Lair:1   | Reached skill level 15 in Axes
 12051 | Lair:1   | Noticed a four-headed hydra
 12070 | D:9      | Reached skill level 10 in Shields
 12071 | D:9      | HP: 25/101 [four-headed hydra (10)]
 12076 | D:9      | HP: 17/101 [four-headed hydra (10)]
 12087 | Lair:1   | HP: 19/101 [hippogriff (1)]
 13230 | Lair:1   | Identified a scroll of acquirement
 13279 | Lair:2   | Reached skill level 1 in Invocations
 13284 | Lair:2   | Got a serpentine silver ring
 13289 | Lair:2   | Identified the ring "Angirchu" {Str+7 Stlth-} (You found it on level 2 of the Lair of Beasts)
 13325 | Lair:2   | Reached skill level 11 in Fighting
 13466 | Lair:2   | Reached skill level 2 in Invocations
 13571 | Lair:2   | Reached skill level 3 in Invocations
 13869 | Lair:2   | Noticed an oklob plant
 13870 | Lair:2   | Noticed an oklob plant
 14063 | Lair:2   | Noticed Nergalle
 14074 | Lair:2   | Killed Nergalle
 14074 | Lair:2   | Reached skill level 16 in Axes
 14534 | Lair:2   | Found a blossoming altar of Fedhas.
 14547 | Lair:2   | Noticed an oklob plant
 14724 | Lair:3   | Reached skill level 4 in Invocations
 14902 | Lair:3   | Reached XP level 12. HP: 110/110 MP: 15/15
 14907 | Lair:3   | Reached skill level 4 in Armour
 14912 | Lair:3   | Found a shimmering altar of Xom.
 15068 | Lair:3   | Reached skill level 5 in Invocations
 15126 | Lair:3   | Reached skill level 11 in Shields
 15154 | Lair:3   | Reached skill level 12 in Fighting
 15160 | Lair:3   | Reached skill level 5 in Armour
 15160 | Lair:3   | Reached skill level 6 in Invocations
 15280 | Lair:3   | Noticed a spriggan rider
 15288 | Lair:3   | Killed a spriggan rider
 15366 | Lair:3   | Noticed a death yak
 15379 | Lair:3   | Killed a death yak
 15484 | Lair:3   | Reached skill level 7 in Invocations
 15488 | Lair:3   | Reached **** piety under Qazlal
 15635 | Lair:3   | Noticed a spriggan rider
 15657 | Lair:3   | Reached skill level 6 in Armour
 16315 | Lair:3   | Noticed a spriggan rider
 16323 | Lair:3   | Killed a spriggan rider
 16434 | Lair:3   | Reached skill level 12 in Shields
 16491 | Lair:3   | Reached skill level 8 in Invocations
 16715 | Lair:4   | Reached XP level 13. HP: 119/119 MP: 19/19
 17295 | Lair:4   | Reached skill level 13 in Fighting
 17340 | Lair:4   | Found a staircase to the Snake Pit.
 17518 | Lair:4   | Found a runed gate.
 17518 | Lair:4   | Found a runed gate.
 17518 | Lair:4   | Found a runed gate.
 17522 | Lair:4   | Noticed Yppef's ghost (journeyman GnEn)
 17689 | Lair:4   | Found a staircase to the Shoals.
 18153 | Lair:5   | Reached skill level 9 in Invocations
 18204 | Lair:5   | Reached skill level 13 in Shields
 18208 | Lair:5   | Reached ***** piety under Qazlal
 18976 | Lair:6   | Entered Level 6 of the Lair of Beasts
 19247 | Lair:6   | Reached skill level 10 in Invocations
 20508 | Lair:6   | Found a staircase to the Slime Pits.
 20919 | Lair:6   | Reached skill level 14 in Shields
 20943 | Lair:6   | Reached skill level 14 in Fighting
 20967 | Lair:6   | Reached XP level 14. HP: 101/132 MP: 20/22
 21069 | Lair:6   | Reached skill level 11 in Invocations
 21116 | Lair:6   | Got a shimmering scale mail
 21303 | Lair:6   | Identified the +2 scale mail "Owaus" {MR+ Str+4 Int+4} (You found it on level 6 of the Lair of Beasts)
 21467 | D:10     | Entered Level 10 of the Dungeon
 21891 | D:10     | Found a sacrificial altar of Ru.
 22271 | D:10     | Reached ****** piety under Qazlal
 22391 | D:10     | Found a portal to a secret trove of treasure.
 22851 | D:11     | Found a frozen archway.
 22857 | D:11     | Reached skill level 15 in Shields
 22868 | IceCv    | Entered an ice cave
 23064 | IceCv    | Noticed a reaper
 23070 | IceCv    | Killed a reaper
 23086 | IceCv    | Got a translucent demon whip
 23132 | IceCv    | Identified the +9 demon whip of Azecue {pain, +Inv Dex+2} (You found it in an ice cave)
 23210 | D:11     | Got a shimmering leather armour
 23221 | D:11     | Reached skill level 12 in Invocations
 23397 | D:11     | Reached skill level 15 in Fighting
 23728 | D:11     | Noticed Urug
 23742 | D:11     | Killed Urug
 23754 | D:11     | Found a basalt altar of Yredelemnul.
 24608 | D:12     | Reached skill level 13 in Invocations
 24620 | D:12     | Reached skill level 7 in Armour
 24772 | D:12     | Found Sitoaca's Food Emporium.
 24845 | D:12     | Reached XP level 15. HP: 141/141 MP: 24/24
 26444 | D:14     | Found a gate to the Vaults.
 26444 | D:14     | Noticed Rupert
 26444 | D:14     | Noticed Nessos
 26450 | D:14     | Paralysed by Rupert for 6 turns
 26457 | D:14     | HP: 33/141 [orc knight/enchanted great mace (8)]
 26457 | D:14     | HP: 2/143 [Rupert/battleaxe of flaming (19)]
 26458 | D:13     | Succumbed to Nessos's poison

Vault maps used:
D:1:      dpeg_arrival_three_same_balls, minmay_heptomino_h4
D:3:      first_ration
D:4:      lemuel_crystal_altar, serial_forest, infiniplex_forest_lined_room_,
          infiniplex_forest_lined_room_, infiniplex_forest_clump_C,
          infiniplex_forest_clump_large, infiniplex_forest_clump_medium,
          infiniplex_forest_clump_tiny, infiniplex_forest_clump_cross,
          uniq_pikel
D:5:      grunt_temple_overflow_open, temple_green, enter_ossuary_4,
          uniq_duvessa, uniq_ijyb, uniq_edmund
D:6:      uniq_eustachio, uniq_crazy_yiuf_cottage, uniq_sigmund
D:7:      minivault_23, grunt_decor_mini_mirrors, eino_jars
D:8:      elyvilon_altar_1, nicolae_overflow_hidden_temple, vehumet_crystals,
          serial_shops, nicolae_shop_statue_plus, biasface_ghost_orc_armoury,
          uniq_maurice
D:9:      grunt_lair_entry_orc_guard_hut, david_orc_1_choice, basic_altar
D:10:     enter_trove_6, hangedman_pestilent_swarm, dk_noncrumbling_2,
          nicolae_ru_sacrificial_ziggurat
D:11:     portal_ice_cave_entry_pillars_1, yredelemnul_altar_generic, uniq_urug
D:12:     serial_co_window_serial, co_window_corner_a, co_window_corner_a,
          co_window_paths_b, co_window_paths_a, co_window_of_opportunity_a,
          co_window_cross_2, co_window_unsneaky_path_a, co_window_2corner,
          co_window_unsneaky_path_b, co_window_broadway_b, co_window_corner_b,
          co_window_2corner, glass_columns_a, serial_shops,
          nicolae_shop_waterfront
D:13:     serial_co_window_serial, co_window_paths_a, co_window_paths_b,
          co_window_corner_a, co_window_corner_a, co_window_paths_a,
          co_window_paths_a, co_window_paths_a, co_window_of_opportunity_a,
          co_window_corner_a, co_window_broadway_a, co_window_broadway_b,
          co_window_corner_b, co_window_unsneaky_path_c, glass_columns_a,
          glass_columns_a, glass_columns_a, glass_columns_a
D:14:     david_vaults_3, pf_eden, uniq_louise
Temple:   nicolae_temple_figure_eight
Lair:1:   pond
Lair:2:   tgw_fedhas, lemuel_fruit_tree, minmay_lair_oklob_chamber,
          grunt_megastairs_2, uniq_nergalle
Lair:3:   kb_forest_paths, basic_altar, beast_lair_carwin_10
Lair:4:   elwin_shoals_entry_rooms, minmay_snake_entry_six_corridors,
          gammafunk_ghost_necromancy, serial_bayou_pond_b
Lair:5:   grunt_forest_large_clearings, infiniplex_staircase_pool,
          serial_bayou_shore_b
Lair:6:   hangedman_lair_in_review, slime_dummy
Ossuary:  ossuary_minmay_tomb_2a
IceCv:    ice_cave_small_demon

Skill      XL: |  1  2  3  4  5  6  7  8  9 10 11 12 13 14 |
---------------+-------------------------------------------+-----
Axes           | 3 4 5 6 7 8 10 12 14 16 | 16.6
Fighting       | 4 5 6 7 9 10 11 12 14 15 | 15.6
Shields        | 4 5 7 8 9 10 12 14 15 | 15.0
Invocations    | 4 8 10 13 | 13.3
Armour         | 6 7 |  7.5

Action                   |  1- 3 |  4- 6 |  7- 9 | 10-12 | 13-15 || total
-------------------------+-------+-------+-------+-------+-------++-------
Melee: War axe           |    94 |   193 |   382 |   277 |       ||   946
       Broad axe         |       |       |       |   264 |   589 ||   853
Throw: Throwing net      |       |       |     1 |     1 |       ||     2
Invok: Upheaval          |       |       |       |     4 |       ||     4
Evoke: Wand              |       |       |       |     1 |       ||     1
  Use: Scroll            |       |     4 |    11 |     3 |    24 ||    42
  Eat: Chunk             |     1 |     8 |     8 |    20 |    18 ||    55
       Ration            |       |       |     2 |     2 |     4 ||     8
Armor: Scale mail        |    23 |       |       |       |       ||    23
       Chain mail        |    33 |   116 |   161 |    47 |       ||   357
       Plate armour      |       |       |       |   104 |   182 ||   286
Dodge: Dodged            |    29 |    74 |    80 |    84 |    69 ||   336
       Deflected         |       |       |       |       |     5 ||     5
Block: Shield            |    51 |   116 |   192 |   321 |   470 ||  1150
       Other             |       |       |       |     2 |       ||     2
       Reflection        |       |       |       |       |     8 ||     8

Table legend:
 A = Spawn XP
 B = Non-spawn XP
 C = Spawn XP percentage of total XP
 D = Spawn monster count
 E = Non-spawn monster count
 F = Spawn count percentage of total count
 G = Total turns spent on level
                    A         B        C        D         E        F      G
               +---------+---------+-------+---------+---------+-------+---------
         Total |       0 |   92451 |   0.0 |       0 |     627 |   0.0 | 26458
               +---------+---------+-------+---------+---------+-------+---------
           D:1 |       0 |      44 |   0.0 |       0 |      21 |   0.0 |  1067
           D:2 |       0 |     186 |   0.0 |       0 |      23 |   0.0 |  1421
           D:3 |       0 |      76 |   0.0 |       0 |      25 |   0.0 |   663
           D:4 |       0 |     251 |   0.0 |       0 |      16 |   0.0 |   715
           D:5 |       0 |     725 |   0.0 |       0 |      18 |   0.0 |  1263
           D:6 |       0 |    1883 |   0.0 |       0 |      27 |   0.0 |  1587
           D:7 |       0 |    1465 |   0.0 |       0 |      33 |   0.0 |  1732
           D:8 |       0 |    2491 |   0.0 |       0 |      28 |   0.0 |  1410
           D:9 |       0 |    3345 |   0.0 |       0 |      40 |   0.0 |  1613
          D:10 |       0 |    2335 |   0.0 |       0 |      61 |   0.0 |  1088
          D:11 |       0 |    9990 |   0.0 |       0 |      54 |   0.0 |  1329
          D:12 |       0 |   11483 |   0.0 |       0 |      29 |   0.0 |  1053
          D:13 |       0 |    1947 |   0.0 |       0 |      10 |   0.0 |  1005
          D:14 |       0 |    2877 |   0.0 |       0 |      11 |   0.0 |    14
        Lair:1 |       0 |    2086 |   0.0 |       0 |      11 |   0.0 |  1327
        Lair:2 |       0 |    5363 |   0.0 |       0 |      23 |   0.0 |  1460
        Lair:3 |       0 |   14291 |   0.0 |       0 |      54 |   0.0 |  2034
        Lair:4 |       0 |    3605 |   0.0 |       0 |      23 |   0.0 |  1277
        Lair:5 |       0 |    6604 |   0.0 |       0 |      42 |   0.0 |  1025
        Lair:6 |       0 |   16678 |   0.0 |       0 |      40 |   0.0 |  2367
       Ossuary |       0 |     324 |   0.0 |       0 |      16 |   0.0 |   464
         IceCv |       0 |    4402 |   0.0 |       0 |      22 |   0.0 |   337
               +---------+---------+-------+---------+---------+-------+---------

Vault maps used:
D:1:      dpeg_arrival_three_same_balls, minmay_heptomino_h4
D:3:      first_ration
D:4:      lemuel_crystal_altar, serial_forest, infiniplex_forest_lined_room_,
          infiniplex_forest_lined_room_, infiniplex_forest_clump_C,
          infiniplex_forest_clump_large, infiniplex_forest_clump_medium,
          infiniplex_forest_clump_tiny, infiniplex_forest_clump_cross,
          uniq_pikel
D:5:      grunt_temple_overflow_open, temple_green, enter_ossuary_4,
          uniq_duvessa, uniq_ijyb, uniq_edmund
D:6:      uniq_eustachio, uniq_crazy_yiuf_cottage, uniq_sigmund
D:7:      minivault_23, grunt_decor_mini_mirrors, eino_jars
D:8:      elyvilon_altar_1, nicolae_overflow_hidden_temple, vehumet_crystals,
          serial_shops, nicolae_shop_statue_plus, biasface_ghost_orc_armoury,
          uniq_maurice
D:9:      grunt_lair_entry_orc_guard_hut, david_orc_1_choice, basic_altar
D:10:     enter_trove_6, hangedman_pestilent_swarm, dk_noncrumbling_2,
          nicolae_ru_sacrificial_ziggurat
D:11:     portal_ice_cave_entry_pillars_1, yredelemnul_altar_generic, uniq_urug
D:12:     serial_co_window_serial, co_window_corner_a, co_window_corner_a,
          co_window_paths_b, co_window_paths_a, co_window_of_opportunity_a,
          co_window_cross_2, co_window_unsneaky_path_a, co_window_2corner,
          co_window_unsneaky_path_b, co_window_broadway_b, co_window_corner_b,
          co_window_2corner, glass_columns_a, serial_shops,
          nicolae_shop_waterfront
D:13:     serial_co_window_serial, co_window_paths_a, co_window_paths_b,
          co_window_corner_a, co_window_corner_a, co_window_paths_a,
          co_window_paths_a, co_window_paths_a, co_window_of_opportunity_a,
          co_window_corner_a, co_window_broadway_a, co_window_broadway_b,
          co_window_corner_b, co_window_unsneaky_path_c, glass_columns_a,
          glass_columns_a, glass_columns_a, glass_columns_a
D:14:     david_vaults_3, pf_eden, uniq_louise
Temple:   nicolae_temple_figure_eight
Lair:1:   pond
Lair:2:   tgw_fedhas, lemuel_fruit_tree, minmay_lair_oklob_chamber,
          grunt_megastairs_2, uniq_nergalle
Lair:3:   kb_forest_paths, basic_altar, beast_lair_carwin_10
Lair:4:   elwin_shoals_entry_rooms, minmay_snake_entry_six_corridors,
          gammafunk_ghost_necromancy, serial_bayou_pond_b
Lair:5:   grunt_forest_large_clearings, infiniplex_staircase_pool,
          serial_bayou_shore_b
Lair:6:   hangedman_lair_in_review, slime_dummy
Ossuary:  ossuary_minmay_tomb_2a
IceCv:    ice_cave_small_demon

Table legend:
 A = Turns spent in this place as a percentage of turns spent in the entire game.
 B = Non-inter-level travel turns spent in this place as a percentage of non-inter-level travel turns spent in the entire game.
 C = Inter-level travel turns spent in this place as a percentage of turns spent in this place.
 D = Turns resting spent in this place as a percentage of non-inter-level travel turns spent in this place.
 E = Turns spent auto-exploring this place as a percentage of non-inter-level travel turns spent in this place.
 F = Non-inter-level travel turns spent in this place divided by the number of levels of this place that you've seen.
                   A       B       C       D       E      F
               +-------+-------+-------+-------+-------+----------------------
         Total | 100.0 | 100.0 |   2.7 |  32.8 |  50.6 | 1119.8
       Dungeon |  60.3 |  60.5 |   2.3 |  29.4 |  53.9 | 1113.5
        Temple |   0.8 |   0.8 |   5.3 |   0.0 |  86.7 | 196.0
          Lair |  35.9 |  35.6 |   3.4 |  38.4 |  46.0 | 1528.3
       Ossuary |   1.8 |   1.8 |   0.0 |  57.8 |  19.6 | 464.0
      Ice Cave |   1.3 |   1.3 |   0.0 |  24.3 |  43.0 | 337.0
               +-------+-------+-------+-------+-------+----------------------

Table legend:
 A = Kills in this place as a percentage of kills in entire the game.
 B = Kills by you in this place as a percentage of kills by you in the entire game.
 C = Kills by friends in this place as a percentage of kills by friends in the entire game.
 D = Other kills in this place as a percentage of other kills in the entire game.
 E = Experience gained in this place as a percentage of experience gained in the entire game.
 F = Experience gained in this place divided by the number of levels of this place that you have seen.
                   A       B       C       D       E      F
               +-------+-------+-------+-------+-------+----------------------
         Total | 100.0 | 100.0 |   N/A | 100.0 | 100.0 | 4019.6
       Dungeon |  63.2 |  63.1 |   N/A |  66.7 |  42.3 | 2792.7
          Lair |  30.8 |  30.8 |   N/A |  33.3 |  52.6 | 8104.5
       Ossuary |   2.6 |   2.6 |   N/A |   0.0 |   0.4 | 324.0
      Ice Cave |   3.5 |   3.5 |   N/A |   0.0 |   4.8 | 4402.0
               +-------+-------+-------+-------+-------+----------------------
